 Dungeon Crawl Stone Soup version 0.23.2-30-g0e89c35649 (webtiles) character file.

Game seed: 15107494893908765703

37 funkygono the Shield-Bearer (level 3, -17/29 HPs)
             Began as a Formicid Fighter on June 18, 2019.
             Killed from afar by a wizard (28 damage)
             ... with a bolt of cold
             ... on level 15 of the Dungeon.
             The game lasted 00:04:21 (1393 turns).

funkygono the Shield-Bearer (Formicid Fighter)      Turns: 1393, Time: 00:04:22

Health: -17/29     AC: 10    Str: 21    XL:     3   Next: 62%
Magic:  3/3        EV:  4    Int: 11    God:
Gold:   27         SH: 14    Dex: 10    Spells: 2/2 levels left

rFire    . . .     SeeInvis +   a - +0 flail
rCold    . . .     Gourm    .   j - +0 large shield
rNeg     . . .     Faith    .   l - +0 chain mail {MR+}
rPois    .         Spirit   .   (helmet unavailable)
rElec    .         Reflect  .   i - +0 cloak
rCorr    +         Harm     .   (no gloves)
MR       +....                  (no boots)
Stlth    ..........             (no amulet)
HPRegen  0.09/turn              k - +4 ring of intelligence
MPRegen  0.08/turn              q - ring of resist corrosion

@: no status effects
A: permanent stasis, dig shafts and tunnels, four strong arms, antennae 3
a: Dig, Shaft Self


You were on level 15 of the Dungeon.
You were not hungry.

You visited 1 branch of the dungeon, and saw 11 of its levels.

You collected 27 gold pieces.

Inventory:

Hand Weapons
 a - a +0 flail (weapon)
Armour
 b - a +0 scale mail
 c - a +0 shield
 i - a +0 cloak (worn)
 j - a +0 large shield (worn)
 l - a +0 chain mail of magic resistance (worn)
Jewellery
 k - a +4 ring of intelligence (left hand)
 q - a ring of resist corrosion (right hand)
Wands
 n - a wand of paralysis (5)
 p - a wand of disintegration (13)
Scrolls
 e - a scroll of remove curse {unknown}
 g - a scroll of teleportation {unknown}
 o - a scroll of acquirement {unknown}
Potions
 d - a potion of might
 h - a potion of invisibility {unknown}
 m - a potion of curing {unknown}
Comestibles
 f - a ration


   Skills:
 * Level 3.5 Fighting
 + Level 2.2 Maces & Flails
 * Level 3.6 Armour
 + Level 0.1 Dodging
 * Level 4.5 Shields


You had 2 spell levels left.
You didn't know any spells.
Your spell library contained the following spells:

 Spells                   Type           Power        Failure   Level  Hunger
 Shock                    Conj/Air       #...         100%        1    ##.....
 Swiftness                Chrm/Air       #.......     100%        2    ###....
 Static Discharge         Conj/Air       #.......     100%        3    ####...
 Airstrike                Air            #.........   100%        4    #####..
 Lightning Bolt           Conj/Air       #.........   100%        5    ######.


Dungeon Overview and Level Annotations

Branches:
Dungeon (13/15)
 Temple: D:4-7         Lair: D:8-11         Orc: D:9-12      Vaults: D:13-14

Altars:
Cheibriados
Dithmenos
Elyvilon
Makhleb
Qazlal

Shops:
D:5 (   D:15 %

Annotations:
D:2 Terence


Innate Abilities, Weirdness & Mutations

You cannot be hasted, slowed, berserked, paralysed or teleported.
You can dig through walls and to a lower floor.
Your four strong arms can wield two-handed weapons with a shield.
You have a pair of large antennae on your head. (SInv)


Message History

The orc wizard mumbles some strange words.
The orc wizard flickers and vanishes for a moment.
You begin to dig a shaft.
You continue digging a shaft.
You block the yak's attack. A shaft appears beneath you!
You fall through a shaft for 2 floors!
The shaft crumbles and collapses.
Beware, you cannot shaft yourself on this level.
A bullfrog comes into view.
The bullfrog gives a loud, deep croak!
You hear a shout! x2
You hear an angry hiss.
Found a shiny lead wand and a ration.
Found Pyzur's Food Emporium.
A bullfrog is nearby!
Found a stone staircase leading up.
A wizard comes into view. It is wielding a +0 dagger.
The wizard shouts, "You are history!"
The wizard gestures at you while chanting.
The bolt of cold hits you!!
Ouch! That really hurt!
You die...

#. # #. .. #.
##... #. ##.....
.##+##.{ .......
..../..####.......
....#.............
........###.....#.
.......@# ......∩
..........#.{...#.
..............{...
...............F%#
#....<...........♣
...........p..♣♣♣♣
.............♣♣
..♣P.........♣


You could see a wizard.

Vanquished Creatures
  A worker ant (D:9)
  An adder skeleton (D:6)
  A dart slug (D:1)
  A bat (D:1)
  A quokka (D:9)
  A ball python (D:1)
  A frilled lizard (D:1)
  2 kobolds (D:1)
  A leopard gecko skeleton (D:6)
  2 rats (D:1)
12 creatures vanquished.

Vanquished Creatures (others)
  A plant (D:13)
1 creature vanquished.

Grand Total: 13 creatures vanquished

Notes
Turn   | Place    | Note
-------+----------+-------------------------------------------
     0 | D:1      | funkygono the Formicid Fighter began the quest for the Orb.
     0 | D:1      | Reached XP level 1. HP: 18/18 MP: 1/1
    52 | D:1      | Reached skill level 4 in Shields
    52 | D:1      | Reached XP level 2. HP: 21/24 MP: 2/2
   140 | D:2      | Noticed Terence
   150 | D:2      | Found a white marble altar of Elyvilon.
   204 | D:3      | Found a snail-covered altar of Cheibriados.
   232 | D:3      | Found a shadowy altar of Dithmenos.
   237 | D:3      | You fall through a shaft!
   378 | D:4      | Found a burning altar of Makhleb.
   436 | D:5      | Entered Level 5 of the Dungeon
   436 | D:5      | Found Miegin's Antique Weapon Shop.
   633 | D:6      | Noticed a crimson imp
   657 | D:6      | Found a stormy altar of Qazlal.
   663 | D:7      | Noticed a wight
   663 | D:7      | Noticed a wight
   663 | D:7      | Noticed a bullfrog
   664 | D:7      | Noticed a wight
   665 | D:7      | Noticed a wight
   683 | D:7      | You fall through a shaft for 2 floors!
   721 | D:9      | Reached XP level 3. HP: 2/29 MP: 3/3
  1048 | D:9      | Found a burning altar of Makhleb.
  1062 | D:10     | Entered Level 10 of the Dungeon
  1075 | D:10     | HP: 1/29 [orc wizard/+0 dagger (2)]
  1077 | D:10     | You fall through a shaft for 3 floors!
  1353 | D:13     | Noticed a yak
  1353 | D:13     | Noticed a yak
  1358 | D:13     | Noticed a basilisk
  1369 | D:13     | Noticed a yak
  1389 | D:13     | You fall through a shaft for 2 floors!
  1389 | D:15     | Entered Level 15 of the Dungeon
  1389 | D:15     | Found Pyzur's Food Emporium.
  1389 | D:15     | Noticed a bullfrog
  1392 | D:15     | Noticed a wizard
  1393 | D:15     | Killed from afar by a wizard

Skill      XL: |  1 |
---------------+----+-----
Shields        | 4 |  4.5
Fighting       | |  3.5
Maces & Flails | |  2.2
Armour         | |  3.6
Dodging        | |  0.1

Action                   || total
-------------------------++-------
Melee: Flail             ||    58
 Abil: Shaft Self        ||     4
  Eat: Ration            ||     1
       Chunk             ||     1
Armor: Scale mail        ||    66
       Chain mail        ||    55
Dodge: Dodged            ||    62
Block: Shield            ||    79
       Large shield      ||    69
